 Dungeon Crawl Stone Soup version 0.28-a0-1510-gd0f6b136d3 (webtiles) character file.

Game seed: 4433537038788994008

54147 hvjk the Imperceptible (level 14, -8/60 HPs)
             Began as a Spriggan Enchanter on Jan 15, 2022.
             Was a High Priest of Dithmenos.
             Shot with an arrow by a centaur warrior (25 damage)
             ... on level 14 of the Dungeon.
             The game lasted 00:46:48 (18658 turns).

hvjk the Imperceptible (Spriggan Enchanter)        Turns: 18658, Time: 00:46:49

Health: -8/60      AC:  3    Str:  8    XL:     14   Next: 33%
Magic:  30/32      EV: 22    Int: 28    God:    Dithmenos [*****.]
Gold:   1053       SH:  0    Dex: 17    Spells: 22/39 levels left

rFire   + . .      SeeInvis +   d - +3 dagger (flame)
rCold   . . .      Faith    .   (no shield)
rNeg    . . .      Spirit   .   b - +1 robe
rPois   .          Reflect  .   n - +0 hat of the Evil One {rF+ rCorr}
rElec   .          Harm     .   D - scarf {+Inv}
rCorr   +          Rampage  .   (gloves unavailable)
Will    ++...                   (boots unavailable) Stlth **++++++++
                                (no amulet)
HPRegen 0.20/turn               l - +6 ring of intelligence
MPRegen 0.23/turn               x - +6 ring of intelligence

@: wreathed by umbra, very quick
A: very small, no large weapons, unfitting armour, see invisible, speed 3, frail
1, mutation resistance 1
a: Renounce Religion, Evoke Invisibility, Shadow Step, Shadow Form


You were on level 14 of the Dungeon.
You worshipped Dithmenos.
Dithmenos was extremely pleased with you.
You visited 2 branches of the dungeon, and saw 15 of its levels.
You also visited: Sewer, Bailey and Gauntlet.

You collected 1053 gold pieces.

Inventory:

Hand Weapons
 a - a +1 dagger of venom
 d - a +3 dagger of flaming (weapon)
 o - a +1 vampiric rapier
 I - a +1 rapier of speed
Missiles
 f - 5 atropa-tipped darts (quivered)
 w - 3 throwing nets
 z - 22 curare-tipped darts
 J - 14 poisoned darts
Armour
 b - a +1 robe (worn)
 n - the +0 hat of the Evil One (worn) {rF+ rCorr}
   (You found it in a Gauntlet)

   rF:        It protects you from fire.
   rCorr:     It protects you from acid and corrosion.
 p - the +2 ratskin cloak {*Rats rPois rN+ Str-1 Int-1 Dex+1}
   (You found it on level 5 of the Dungeon)

   When the wearer is hurt, rats may emerge from it to assist them.
   Str:       It affects your strength (-1).
   Int:       It affects your intelligence (-1).
   Dex:       It affects your dexterity (+1).
   rPois:     It protects you from poison.
   rN:        It protects you from negative energy.
 B - a +0 cloak
 D - a scarf of invisibility (worn)
Jewellery
 l - a +6 ring of intelligence (left hand)
 m - a ring of wizardry
 r - a ring of protection from fire
 x - a +6 ring of intelligence (right hand)
 A - an amulet of regeneration
Wands
 i - a wand of paralysis (1)
 j - a wand of charming (3)
 t - a wand of polymorph (7)
 y - a wand of iceblast (3)
 E - a wand of flame (4)
 H - a wand of acid (3)
Scrolls
 h - 5 scrolls of fog
 s - 4 scrolls of teleportation
 u - 2 scrolls of magic mapping
Potions
 c - 2 potions of flight
 e - 2 potions of brilliance
 g - 4 potions of curing
 k - a potion of lignification
 q - 4 potions of attraction
 v - a potion of cancellation
 C - 2 potions of ambrosia
 F - a potion of resistance
 G - 2 potions of magic


   Skills:
 + Level 4.3 Fighting
 + Level 9.3 Short Blades
 + Level 7.7 Dodging
 + Level 21.0 Stealth
 + Level 13.3 Spellcasting
 + Level 13.4 Hexes
 - Level 3.0 Translocations
 + Level 4.1 Evocations


You had 22 spell levels left.
You knew the following spells:

 Your Spells              Type           Power      Damage    Failure   Level
a - Ensorcelled Hibernat  Hex/Ice        100%       N/A       1%          2
b - Tukima's Dance        Hex            76%        N/A       1%          3
c - Dazzling Flash        Conj/Hex       100%       N/A       1%          3
d - Mephitic Cloud        Conj/Pois/Air  18%        N/A       9%          3
e - Teleport Other        Tloc           35%        N/A       2%          3
f - Confusing Touch       Hex            76%        N/A       1%          3

Your spell library contained the following spells:

 Spells                   Type           Power      Damage    Failure   Level
 Gell's Gravitas          Tloc           35%        N/A       2%          3
 Lesser Beckoning         Tloc           35%        N/A       2%          3
 Shock                    Conj/Air       72%        1d7       3%          1
 Sting                    Tmut/Pois      72%        1d6       3%          1
 Sublimation of Blood     Necr           18%        N/A       4%          2
 Wereblood                Tmut           18%        N/A       4%          2
 Conjure Flame            Conj/Fire      18%        6-21      9%          3
 Ignite Poison            Fire/Tmut/Pois 18%        N/A       9%          3
 Spider Form              Tmut/Pois      18%        N/A       9%          3
 Swiftness                Air            18%        N/A       9%          3
 Airstrike                Air            9%         N/A       28%         4
 Sticky Flame             Conj/Fire      18%        2d4       28%         4
 Freezing Cloud           Conj/Ice/Air   9%         6-21      63%         5
 Summon Hydra             Summ           9%         N/A       100%        7


Dungeon Overview and Level Annotations

Branches:
Dungeon (14/15)            Temple (1/1) D:5            Lair (0/6) D:9
    Orc (0/2) D:11         Vaults (0/5) D:14          Sewer (visited)
 Bailey (visited)         Gauntlet (visited)

Altars:
Ashenzari
Cheibriados
Dithmenos
Elyvilon
Fedhas
Gozag
Hepliaklqana
Kikubaaqudgha
Makhleb
Nemelex Xobeh
Okawaru
Qazlal
Ru
Sif Muna
Trog
Uskayaw
Vehumet
Wu Jian
Xom
Yredelemnul
Zin
The Shining One

Shops:
D:10 *

Annotations:
D:6 3 runed translucent doors, whodunnit's ghost, novice DEAE
D:8 2 transporters, dricus's ghost, novice GnWn
D:14 3 runed translucent doors, Gall2222's ghost, adept GnNe


Innate Abilities, Weirdness & Mutations

You are very small and have problems with some larger weapons.
You are too small for most types of armour.
You have supernaturally acute eyesight. (SInv)
You cover ground extremely quickly. (Speed+++)
You are frail. (-10% HP)
You are somewhat resistant to further mutation.


Message History

You climb upwards.
There is a stone staircase leading down here.
You start resting.
Magic restored.
You start resting.
HP restored.
There is an escape hatch in the floor here.
Unknown command.
Unknown command.
You slide downwards.
The hatch slams shut behind you.
Level annotation: 3 runed translucent doors, Gall2222's ghost, adept GnNe
Found a stone staircase leading down.
Unknown command.
Unknown command.
Found 20 stones.
A centaur is nearby!
The centaur closely misses you. The centaur misses you.
You barely miss the centaur.
The centaur zaps a wand.
The bolt of acid hits you! You resist.
Casting: Ensorcelled Hibernation (safe; 1% risk of failure)
Confirm with . or Enter, or press ? or * to list all spells.
Aiming: Ensorcelled Hibernation (safe; 1% risk of failure)
Press: ? - help, Shift-Dir - straight line, f - centaur
Aim: a centaur, quivering arrows and carrying a wand of acid (3) (umbra, chance to affect: 71%)
The centaur looks drowsy...
The centaur warrior shouts!
The centaur warrior shoots an arrow.
The arrow hits you!!
Ouch! That really hurt!
* * * LOW HITPOINT WARNING * * *
You emit a cloud of dark smoke.
The helpless centaur fails to defend itself.
You stick the centaur like a pincushion!!!!!
You burn the centaur.
You kill the centaur!
Dithmenos accepts your kill.
H - a wand of acid (3)
Things that are here:
a +0 longbow; 16 arrows The centaur warrior shoots an arrow.
The arrow hits you!!
You die...

#.########.## #.# #>..#
###.#######...#
#...c.........####
########.#.####.........#
.........§...............
.#######c#.######.#...#.#
#§#.# #.#.....# #@#.#
#........
###§#.##...#.##.#..#
#.§§§.('...'.. .#...
#####..#...### #.#
#........ ... ##.#...##
#.. .#...#######..
'#####...>....
.......c......


You could see a centaur warrior.

Vanquished Creatures
  An orc warlord (Bailey)
  An ogre mage (D:14)
  Harold (D:8)
  3 boulder beetles
  The ghost of Luph the Covert, a journeyman SpEn of Dithmenos (D:12)
  3 centaur warriors
  5 two-headed ogres
  Sonja (D:10)
  A deep elf archer (D:14)
  An orc knight (Bailey)
  A deep elf zephyrmancer (D:14)
  A deep elf pyromancer (D:14)
  A manticore (D:13)
  2 cyclopes (D:12)
  A gargoyle (D:11)
  6 kobold demonologists
  An unseen horror (D:12)
  A komodo dragon (D:10)
  2 trolls (D:12)
  6 slime creatures
  3 shadows
  4 wraiths
  2 basilisks
  A fire bat (Gauntlet)
  A vampire mosquito (D:7)
  A water moccasin (D:7)
  3 acid dragons
  Pargi (D:4)
  A sky beast (D:5)
  5 orc warriors
  A black bear (D:8)
  3 ogres
  13 centaurs
  A phantom (D:11)
  13 kobold brigands
  Blork the orc (D:5)
  A bullfrog (D:8)
  A gnoll sergeant (D:8)
  A scorpion (D:6)
  A wyvern skeleton (D:6)
  2 troll zombies (D:11)
  14 killer bees
  A wight (D:9)
  A centaur zombie (D:5)
  2 jellies
  A centaur skeleton (D:6)
  A gnoll shaman (D:5)
  4 orc priests
  3 hounds
  Jessica (D:2)
  2 iguanas
  3 orc wizards
  5 ogre zombies (D:11)
  A hound skeleton (D:4)
  Robin (D:2)
  A howler monkey zombie (D:9)
  8 adders
  7 gnolls
  A river rat (Sewer)
  2 white imps
  A worm (D:2)
  2 dart slugs
  16 orcs
  4 bats
  3 endoplasms (D:1)
  A giant cockroach (D:4)
  29 goblins
  10 hobgoblins
  4 jackals (D:1)
  13 kobolds
  5 quokkas
  7 ball pythons
  4 frilled lizards (Sewer)
  A goblin skeleton (D:11)
  A goblin zombie (D:11)
  2 hobgoblin skeletons (D:11)
  A hobgoblin zombie (D:11)
  4 orc skeletons (D:11)
  14 orc zombies (D:11)
  12 rats
293 creatures vanquished.

Vanquished Creatures (collateral kills)
  3 two-headed ogres
  A wraith (D:12)
  6 orc warriors
  A centaur (D:10)
  A phantom (D:6)
  A kobold brigand (D:8)
  7 wights
  An orc priest (D:8)
  Terence (D:2)
  An orc wizard (D:9)
  An ogre zombie (D:11)
  9 gnolls
  11 orcs
  4 goblins (Bailey)
  5 hobgoblins (Bailey)
  2 orc zombies (D:11)
55 creatures vanquished.

Vanquished Creatures (others)
  8 dancing weapons
  An orc warrior (Bailey)
  25 demonic plants (Gauntlet)
34 creatures vanquished.

Grand Total: 382 creatures vanquished

Notes
Turn   | Place    | Note
-------+----------+-------------------------------------------
     0 | D:1      | hvjk the Spriggan Enchanter began the quest for the Orb.
     0 | D:1      | Reached XP level 1. HP: 9/9 MP: 5/5
   220 | D:1      | Reached XP level 2. HP: 13/13 MP: 7/7
   223 | D:1      | Learned a level 2 spell: Ensorcelled Hibernation
   946 | D:2      | Reached XP level 3. HP: 16/16 MP: 9/9
  1200 | D:2      | Learned a level 3 spell: Tukima's Dance
  1204 | D:2      | Learned a level 3 spell: Dazzling Flash
  1220 | D:2      | Noticed Jessica
  1230 | D:2      | Killed Jessica
  1238 | D:2      | Reached XP level 4. HP: 21/21 MP: 11/11
  1358 | D:2      | Noticed Terence
  1382 | D:2      | Killed Terence
  1383 | D:2      | Reached skill level 5 in Hexes
  1642 | D:3      | Noticed Robin
  2315 | D:2      | Killed Robin
  2733 | D:3      | Reached skill level 5 in Spellcasting
  2733 | D:3      | Reached XP level 5. HP: 6/24 MP: 1/13
  3337 | D:3      | Found a broken altar of Ashenzari.
  3857 | D:4      | Noticed Pargi
  3884 | D:4      | Reached skill level 5 in Stealth
  4292 | D:4      | Killed Pargi
  4293 | D:4      | Reached XP level 6. HP: 27/28 MP: 5/15
  4504 | D:5      | Entered Level 5 of the Dungeon
  4555 | D:5      | Found a glowing drain.
  4565 | Sewer    | Entered a sewer
  4971 | Sewer    | Reached skill level 6 in Stealth
  5223 | D:5      | Noticed Blork the orc
  5537 | D:5      | Identified the +7 flail of the Land of Plenty {vorpal,
                  | Str+2}
  5565 | D:5      | Noticed a sky beast
  5571 | D:5      | Killed a sky beast
  5641 | D:5      | Reached XP level 7. HP: 29/32 MP: 17/17
  6093 | D:5      | Found the +2 ratskin cloak {*Rats rPois rN+ Str-1 Int-1
                  | Dex+1}
  6109 | D:5      | Found a staircase to the Ecumenical Temple.
  6122 | Temple   | Entered the Ecumenical Temple
  6347 | Temple   | Became a worshipper of Dithmenos the Shadowed
  6379 | D:5      | Reached skill level 7 in Stealth
  6559 | D:5      | Gained mutation: You tend to lose your temper in combat.
                  | [potion of mutation]
  6559 | D:5      | Gained mutation: Your magical capacity is low. (-10% MP)
                  | [potion of mutation]
  6559 | D:5      | Lost mutation: You tend to lose your temper in combat.
                  | [potion of mutation]
  6560 | D:5      | Lost mutation: Your magical capacity is low. (-10% MP)
                  | [potion of mutation]
  6560 | D:5      | Gained mutation: Your spells are a little harder to cast,
                  | but a little more powerful. [potion of mutation]
  6560 | D:5      | Gained mutation: You have sharp toenails. [potion of
                  | mutation]
  6560 | D:5      | Gained mutation: You are occasionally teleported next to
                  | monsters. [potion of mutation]
  6629 | D:5      | Killed Blork the orc
  6736 | D:6      | Reached skill level 8 in Stealth
  6747 | D:6      | Reached XP level 8. HP: 18/36 MP: 12/20
  7399 | D:6      | Identified the +6 war axe of Dismemberment {elec, rCorr
                  | Str+5}
  7580 | D:6      | Found a runed translucent gate.
  7580 | D:6      | Found a runed translucent gate.
  7581 | D:6      | Found a runed translucent gate.
  7581 | D:6      | Noticed whodunnit's ghost (novice DEAE)
  8267 | D:7      | Noticed a slime creature
  8269 | D:7      | Reached skill level 9 in Stealth
  8272 | D:7      | Killed a slime creature
  8764 | D:8      | Reached skill level 10 in Stealth
  8846 | D:8      | Reached * piety under Dithmenos
  9170 | D:8      | Reached XP level 9. HP: 29/39 MP: 14/22
  9345 | D:8      | Noticed Harold
  9354 | D:8      | Killed Harold
  9355 | D:8      | Reached skill level 11 in Stealth
  9355 | D:8      | Reached skill level 10 in Hexes
 10157 | D:8      | Found a transporter.
 10161 | D:8      | Noticed dricus's ghost (novice GnWn)
 10194 | D:8      | Found a transporter.
 10310 | D:8      | Reached skill level 10 in Spellcasting
 10317 | D:8      | Reached skill level 12 in Stealth
 10625 | D:9      | Lost mutation: You have sharp toenails. [potion of
                  | mutation]
 10625 | D:9      | Lost mutation: Your spells are a little harder to cast, but
                  | a little more powerful. [potion of mutation]
 10625 | D:9      | Gained mutation: You have large cloven feet. [potion of
                  | mutation]
 10625 | D:9      | Gained mutation: You are somewhat resistant to further
                  | mutation. [potion of mutation]
 10625 | D:9      | Gained mutation: You have a somewhat thin skeletal
                  | structure. (Dex +2, Stealth+) [potion of mutation]
 10626 | D:9      | Lost mutation: You have a somewhat thin skeletal structure.
                  | (Dex +2, Stealth+) [potion of mutation]
 10626 | D:9      | Lost mutation: You are occasionally teleported next to
                  | monsters. [potion of mutation]
 10626 | D:9      | Lost mutation: You have large cloven feet. [potion of
                  | mutation]
 10626 | D:9      | Gained mutation: You are frail. (-10% HP) [potion of
                  | mutation]
 10696 | D:9      | Found a staircase to the Lair.
 11371 | D:9      | Reached XP level 10. HP: 39/39 MP: 4/25
 11549 | D:10     | Entered Level 10 of the Dungeon
 11558 | D:10     | Found Colum's Changing Room.
 11620 | D:10     | Found a flagged portal.
 11638 | Bailey   | Entered a bailey
 11659 | Bailey   | Reached ** piety under Dithmenos
 12219 | Bailey   | Reached skill level 13 in Stealth
 12324 | Bailey   | Noticed an orc knight
 12364 | Bailey   | Killed an orc knight
 12556 | Bailey   | Noticed an orc warlord
 12632 | Bailey   | Killed an orc warlord
 12633 | Bailey   | Reached skill level 14 in Stealth
 12838 | Bailey   | Identified the +10 shortbow "Doigycha" {venom, Will+ rCorr
                  | Str+4}
 12866 | Bailey   | Reached skill level 16 in Stealth
 12866 | Bailey   | Reached XP level 11. HP: 42/42 MP: 27/27
 13062 | D:10     | Noticed Sonja
 13084 | D:10     | Killed Sonja
 13085 | D:10     | Reached skill level 17 in Stealth
 13274 | D:10     | Noticed a two-headed ogre
 13279 | D:10     | Killed a two-headed ogre
 13280 | D:10     | Reached skill level 1 in Fighting
 13280 | D:10     | Noticed a two-headed ogre
 13300 | D:10     | Killed a two-headed ogre
 13415 | D:10     | Reached *** piety under Dithmenos
 13549 | D:10     | Noticed a two-headed ogre
 13556 | D:10     | Killed a two-headed ogre
 13815 | D:11     | Noticed a boulder beetle
 13823 | D:11     | Killed a boulder beetle
 13824 | D:11     | Reached XP level 12. HP: 48/48 MP: 27/29
 14121 | D:11     | Found a staircase to the Orcish Mines.
 14222 | D:11     | Reached **** piety under Dithmenos
 14239 | D:11     | Noticed a two-headed ogre
 14259 | D:11     | Killed a two-headed ogre
 14296 | D:11     | Reached skill level 5 in Dodging
 14552 | D:11     | Learned a level 3 spell: Mephitic Cloud
 14556 | D:11     | Learned a level 3 spell: Teleport Other
 14658 | D:12     | Found a gate leading to a gauntlet.
 14665 | D:12     | Reached skill level 1 in Translocations
 14673 | Gauntlet | Entered a Gauntlet
 14673 | Gauntlet | Found a transporter.
 14679 | Gauntlet | Noticed a death scarab
 14682 | Gauntlet | Found a transporter.
 14682 | Gauntlet | Noticed a death scarab
 14698 | Gauntlet | Found a transporter.
 14702 | Gauntlet | Found a transporter.
 14712 | Gauntlet | Found a transporter.
 14732 | Gauntlet | Found a transporter.
 14738 | Gauntlet | Found a transporter.
 14739 | Gauntlet | Found a transporter.
 14741 | Gauntlet | Noticed a hell hog
 14766 | Gauntlet | Found a transporter.
 14774 | Gauntlet | Found a transporter.
 14774 | Gauntlet | Found a transporter.
 14782 | Gauntlet | Found a transporter.
 14930 | Gauntlet | Identified the +0 hat of the Evil One {rF+ rCorr}
 14980 | Gauntlet | Noticed a minotaur
 15008 | Gauntlet | Got Zuitaeh's Grimoire of Blistering Envenoming
 15036 | D:12     | Noticed a two-headed ogre
 15041 | D:12     | Killed a two-headed ogre
 15332 | D:12     | Found a runed translucent gate.
 15510 | D:12     | Found a runed translucent gate.
 15510 | D:12     | Found a runed translucent gate.
 15511 | D:12     | Noticed Luph's ghost (journeyman SpEn)
 15535 | D:12     | Killed Luph's ghost
 15536 | D:12     | Reached skill level 18 in Stealth
 15929 | D:13     | Noticed a two-headed ogre
 15936 | D:13     | Killed a two-headed ogre
 16002 | D:13     | Reached skill level 1 in Evocations
 16778 | D:13     | Noticed a centaur warrior
 16782 | D:13     | Killed a centaur warrior
 16793 | D:13     | Noticed a boulder beetle
 16796 | D:13     | Killed a boulder beetle
 16848 | D:13     | Noticed a centaur warrior
 16854 | D:13     | Killed a centaur warrior
 17336 | D:14     | Noticed a centaur warrior
 17452 | D:14     | Reached XP level 13. HP: 54/54 MP: 31/31
 17467 | D:14     | Learned a level 3 spell: Confusing Touch
 17901 | D:14     | Found a gate to the Vaults.
 17906 | D:14     | Reached ***** piety under Dithmenos
 18177 | D:14     | Found a runed translucent gate.
 18186 | D:14     | Found a runed translucent gate.
 18186 | D:14     | Found a runed translucent gate.
 18186 | D:14     | Noticed a fire dragon
 18187 | D:14     | Noticed Gall2222's ghost (adept GnNe)
 18199 | D:14     | HP: 1/55 [centaur[a centaur warrior] (5)]
 18501 | D:14     | Reached skill level 21 in Stealth
 18501 | D:14     | Reached XP level 14. HP: 60/60 MP: 32/32
 18658 | D:14     | Shot with an arrow by a centaur warrior

Illustrated notes

Levels and vault maps discovered:
D:1:      evilmike_arrival_plus, layout_basic
D:2:      layout_rooms, grunt_ministairs_3, uniq_jessica, uniq_terence
D:3:      layout_basic, amcnicky_altar_gilded, uniq_robin
D:4:      layout_gridville, uniq_pargi
D:5:      layout_cave_pools, minmay_temple_entry_butterflies,
          cheibrodos_sewer_entry_drain, kennysheep_generic_room_8,
          uniq_blork_the_orc
D:6:      layout_loops_corners, ebering_ghost_rock_garden,
          minmay_fractal_squares_5
D:7:      layout_basic, serial_co_window_serial, co_window_of_opportunity_a,
          co_window_of_opportunity_a, co_window_paths_a,
          co_window_of_opportunity_a, co_window_paths_b, co_window_corner_a,
          co_window_paths_a, co_window_corner_a, co_window_of_opportunity_a,
          co_window_corner_b, co_window_broadway_c, co_window_broadway_b,
          co_window_of_opportunity_c, co_window_2corner,
          co_window_of_opportunity_b, glass_columns_a, glass_columns_b,
          glass_columns_b, glass_columns_a, minmay_small_thing
D:8:      layout_basic, gammafunk_ghost_berserking_beasts, uniq_harold
D:9:      layout_long_grid, lair_entry_dummy
D:10:     layout_gridville, enter_bailey_3, nicolae_transmutations_shop,
          uniq_sonja
D:11:     layout_rooms, zombieorc2_lemuel
D:12:     layout_small_grid, gammafunk_ghost_nasty_kobolds,
          gauntlet_entry_generic
D:13:     layout_cave_pools
D:14:     layout_basic, hangedman_vaults_entry_quadrant_bands,
          maelrawn_ghost_gauntlet_escape, chequers_serial_rivers_micro_e
Temple:   roderic_octagonal_lattice_temple

Skill      XL: |  1  2  3  4  5  6  7  8  9 10 11 12 13 |
---------------+----------------------------------------+-----
Spellcasting   | 3 4 5 6 7 8 10 11 12 13 | 13.3
Hexes          | 4 5 6 7 9 10 11 12 13 | 13.4
Stealth        | 5 6 8 10 12 16 17 18 21 | 21.0
Short Blades   | 7 8 9 |  9.3
Dodging        | 4 7 |  7.7
Fighting       | 1 3 4 |  4.3
Translocations | 3 |  3.0
Evocations     | 2 4 |  4.1

Action                   |  1- 3 |  4- 6 |  7- 9 | 10-12 | 13-15 || total
-------------------------+-------+-------+-------+-------+-------++-------
Melee: Dagger            |    93 |   194 |   139 |   404 |     4 ||   834
       Punch             |     2 |       |     2 |     9 |     1 ||    14
       Kick              |       |       |    27 |       |       ||    27
       Rapier            |       |       |       |    22 |    59 ||    81
 Cast: Ensorcelled Hiber |     1 |    29 |    42 |    30 |    25 ||   127
       Tukima's Dance    |       |     3 |    21 |    62 |       ||    86
       Dazzling Flash    |       |     2 |     2 |     4 |     3 ||    11
       Teleport Other    |       |       |       |     1 |       ||     1
       Confusing Touch   |       |       |       |       |     3 ||     3
Evoke: Wand              |       |       |       |    19 |       ||    19
  Use: Scroll            |     5 |     7 |    11 |    10 |     2 ||    35
       Potion            |     2 |     5 |     6 |    14 |     1 ||    28
 Stab: Sleeping          |     8 |    21 |    38 |    36 |    22 ||   125
       Distracted        |       |     1 |     6 |     2 |       ||     9
       Invisible         |       |       |     1 |     5 |     1 ||     7
       Paralysed         |       |       |       |     2 |       ||     2
       Confused          |       |       |       |       |     2 ||     2
Armor: Robe              |    10 |    23 |    19 |    34 |    10 ||    96
Dodge: Dodged            |    61 |   185 |   124 |   306 |    74 ||   750

Table legend: (Time is in decaauts)
 A = Elapsed time spent in this place.
 B = Non-inter-level travel time spent in this place.
 C = Inter-level travel time spent in this place.
 D = Time resting spent in this place.
 E = Time spent auto-exploring this place.
 F = Levels seen in this place.
 G = Mean time per level.
                   A        B        C        D        E       F      G
               +--------+--------+--------+--------+--------+-----+--------+
         Total |  14805 |  14594 |    211 |   4061 |   7664 |  18 |  822.5 |
       Dungeon |  12717 |  12517 |    200 |   3328 |   6959 |  14 |  908.4 |
        Temple |    147 |    136 |     11 |      0 |    118 |   1 |  147.0 |
         Sewer |    590 |    590 |      0 |     97 |    360 |   1 |  590.0 |
        Bailey |   1127 |   1127 |      0 |    633 |    143 |   1 | 1127.0 |
      Gauntlet |    223 |    223 |      0 |      3 |     84 |   1 |  223.0 |
               +--------+--------+--------+--------+--------+-----+--------+

Top non-repeatable levels by time:
     D:2: 1360 daAuts
    D:14: 1322 daAuts
     D:8: 1286 daAuts
  Bailey: 1127 daAuts
     D:4: 1050 daAuts
     D:3: 928 daAuts
    D:12: 914 daAuts
    D:13: 838 daAuts
     D:7: 814 daAuts
     D:6: 786 daAuts
     D:5: 761 daAuts
    D:10: 704 daAuts
     D:9: 702 daAuts
     D:1: 667 daAuts
   Sewer: 590 daAuts
